 Dungeon Crawl Stone Soup version 0.31-a0-187-gba352fbbf7 (webtiles) character file.

Game seed: 11629442648060237220

48 qw the Shooter (level 3, -1/20 HPs)
             Began as a Deep Elf Hunter on June 22, 2023.
             Slain by Terence
             ... wielding a +0 mace
              (6 damage)
             ... on level 2 of the Dungeon.
             The game lasted 00:00:22 (728 turns).

qw the Shooter (Deep Elf Hunter)                     Turns: 728, Time: 00:00:23

Health: -1/20      AC:  3    Str: 10    XL:     3   Next: 50%
Magic:  5/5        EV: 12    Int: 11    God:
Gold:   36         SH:  0    Dex: 18    Spells: 2/2 levels left

rFire   . . .        Y - +0 shortbow
rCold   . . .        (shield currently unavailable)
rNeg    . . .        c - +0 leather armour
rPois   .            (helmet restricted)
rElec   .            (no cloak)
rCorr   .            (no gloves)
SInv    .            (no boots)
Will    .....        (no amulet)
Stlth   ++           (no ring)
HPRegen 0.23/turn    (no ring)
MPRegen 0.09/turn

%: no passive effects
@: no status effects
A: antennae 1, dopey 1
a: no special abilities


You were on level 2 of the Dungeon.
You visited 1 branch of the dungeon, and saw 2 of its levels.

You collected 36 gold pieces.


Innate Abilities, Weirdness & Mutations

You have a pair of small antennae on your head.
You are dopey. (Int -2)


   Skills:
 - Level 1.5 Fighting
 + Level 7.0 Ranged Weapons
 - Level 2.4 Dodging
 - Level 1.2 Stealth


You had 2 spell levels left.
You didn't know any spells.
Your spell library was empty.

Inventory:

Hand Weapons
 Y - a +0 shortbow (weapon)
Armour
 c - a +0 leather armour (worn)
Scrolls
 i - a scroll of identify
Potions
 d - a potion of haste {unknown}
 e - a potion of attraction {unknown}
 f - a potion of might {unknown}
 g - a potion of mutation

Dungeon Overview and Level Annotations

Branches:
Dungeon (2/15)

Altars:

Annotations:
D:2 Terence


Message History

You kill the frilled lizard!
You hear a shout!
You shoot an arrow.
The arrow hits Terence but does no damage.
You shoot an arrow.
The arrow hits the kobold but does no damage.
The kobold throws a stone.
The stone closely misses you.
You shoot an arrow. The arrow hits the kobold!
You kill the kobold!
A frilled lizard comes into view.
You shoot an arrow. The arrow closely misses Terence.
A hobgoblin comes into view.
Terence says, "Did you write a will?
You should..."
You shoot an arrow. The hobgoblin shouts!
The arrow hits Terence.
Terence is lightly wounded.
You shoot an arrow.
The arrow hits Terence but does no damage.
Terence is lightly wounded.
Terence hits you with a +0 mace.
You shoot an arrow. The arrow barely misses Terence.
The arrow hits the hobgoblin but does no damage.
Terence hits you with a +0 mace.
You shoot an arrow. The arrow barely misses Terence.
Terence hits you with a +0 mace. The hobgoblin barely misses you.
The hobgoblin misses you. Terence hits you but does no damage.
You shoot an arrow.
The arrow hits Terence but does no damage.
Terence is lightly wounded.
The hobgoblin hits you but does no damage.
Terence hits you with a +0 mace.
You shoot an arrow.
The arrow hits Terence but does no damage.
Terence is lightly wounded.
The hobgoblin hits you. Terence misses you.
You shoot an arrow. The arrow barely misses Terence.
The arrow closely misses the frilled lizard.
The hobgoblin barely misses you. Terence hits you with a +0 mace.
You die...

### ### . #..
..# . #.# #.# .
#.# #.# #.. 7
#.# #.# #.. ###
#.####.## ...
....# #.#.....#
#.#
....).#...##..##
#.# 7l@@####...#
#.# 7.g.#
7.7.####.##7.
P.P####
#............
....7
7.7#####.####
7.77 #.# #.....
# 7.7 ###### #.
# 7.


You could see Terence, a hobgoblin and a frilled lizard.

Vanquished Creatures
  2 adders
  A dart slug (D:1)
  2 ball pythons
  2 bats (D:1)
  5 endoplasms
  A giant cockroach (D:1)
  A goblin (D:1)
  2 hobgoblins
  5 kobolds
  4 frilled lizards
  3 rats
28 creatures vanquished.

Notes
Turn   | Place    | Note
-------+----------+-------------------------------------------
     0 | D:1      | qw the Deep Elf Hunter began the quest for the Orb.
     0 | D:1      | Reached XP level 1. HP: 12/12 MP: 3/3
     0 | D:1      | 0 ||| qw: Version: 0.3-a-9-g12657ce
     0 | D:1      | 0 ||| qw: Game counter: 2488
     0 | D:1      | 0 ||| qw: Always use a shield: true
     0 | D:1      | 0 ||| qw: God list: Okawaru
     0 | D:1      | 0 ||| qw: Allow faded altars: false
     0 | D:1      | 0 ||| qw: Do Orc after D:15 true
     0 | D:1      | 0 ||| qw: Do second Lair branch before Depths: true
     0 | D:1      | 0 ||| qw: Lair rune preference: random
     0 | D:1      | 0 ||| qw: Plans: Normal
     0 | D:1      | 0 ||| PLANNING D:1-11
    52 | D:1      | Found a faded altar of an unknown god.
    72 | D:1      | Reached XP level 2. HP: 16/16 MP: 4/4
    92 | D:1      | Reached skill level 6 in Ranged Weapons
   358 | D:1      | 358 ||| READING scroll labelled TAATHEI MUPLYICRE.
   387 | D:1      | 387 ||| READING 2 scrolls labelled VURIAR AGOUPT.
   388 | D:1      | 388 ||| DRINKING 2 fizzy clear potions.
   388 | D:1      | Gained mutation: You are dopey. (Int -2) [potion of
                  | mutation]
   388 | D:1      | Gained mutation: You have a pair of small antennae on your
                  | head. [potion of mutation]
   389 | D:1      | 389 ||| DROPPING scroll of butterflies.
   425 | D:2      | 425 ||| STAIRDANCE
   430 | D:1      | Reached XP level 3. HP: 11/20 MP: 5/5
   522 | D:2      | HP: 5/20 [poisoned by an adder]
   526 | D:2      | HP: 2/20 [poisoned by an adder]
   630 | D:2      | Reached skill level 7 in Ranged Weapons
   716 | D:2      | Noticed Terence
   727 | D:2      | HP: 5/20 [hobgoblin (2)]
   728 | D:2      | Slain by Terence

Levels and vault maps discovered:
D:1:      moated_graveyard_arrival, layout_rooms, basic_ecumenical_altar
D:2:      minmay_general_purpose_star, layout_loops_ring, serial_forest,
          infiniplex_forest_end_1, infiniplex_forest_corner_1,
          infiniplex_forest_end_1, infiniplex_forest_lined_2,
          infiniplex_forest_side_room, uniq_robin, uniq_terence

Skill      XL: |  1  2  3 |
---------------+----------+-----
Ranged Weapons | 6 7 |  7.0
Fighting       | |  1.5
Dodging        | |  2.4
Stealth        | |  1.2

Action                     || total
---------------------------++-------
   Fire: Shortbow          ||    98
    Use: Scroll            ||     2
         Potion            ||     1
 Armour: Leather armour    ||     9
  Dodge: Dodged            ||    19

Table legend:
 A = Non-vault XP
 B = Vault XP
 C = Vault XP percentage of total XP
 D = Non-vault monster count
 E = Vault monster count
 F = Vault count percentage of total count
                 A         B        C        D         E       F
            +---------+---------+-------+---------+---------+-------
      Total |      69 |       0 |   0.0 |      28 |       0 |   0.0
            +---------+---------+-------+---------+---------+-------
        D:1 |      43 |       0 |   0.0 |      18 |       0 |   0.0
        D:2 |      26 |       0 |   0.0 |      10 |       0 |   0.0
            +---------+---------+-------+---------+---------+-------
